 Dungeon Crawl Stone Soup version 0.28-a0-664-gc179e30c89 (webtiles) character file.

Game seed: 1218161352470220515

201 bande the Covered (level 5, -1/33 HPs)
             Began as a Gargoyle Fighter on Oct 17, 2021.
             Slain by an iguana (3 damage)
             ... on level 4 of the Dungeon.
             The game lasted 00:04:02 (2220 turns).

bande the Covered (Gargoyle Fighter)                Turns: 2220, Time: 00:04:03

Health: -1/33      AC: 13    Str: 21    XL:     5   Next: 79%
Magic:  5/5        EV:  7    Int:  8    God:
Gold:   152        SH:  4    Dex:  9    Spells: 4/4 levels left

rFire   . . .      SeeInvis .   a - +0 war axe
rCold   . . .      Faith    .   c - +0 buckler
rNeg    + . .      Spirit   .   e - +0 chain mail
rPois   ∞          Reflect  .   (no helmet)
rElec   +          Harm     .   (no cloak)
rCorr   .          Rampage  .   (no gloves)
Will    .....                   (no boots)
Stlth   ..........              (no amulet)
HPRegen 0.11/turn               (no ring)
MPRegen 0.09/turn               (no ring)

@: no status effects
A: sickness immunity, AC +4, negative energy resistance 1, electricity
resistance, torment resistance 1, petrification resistance
a: no special abilities


You were on level 4 of the Dungeon.
You visited 1 branch of the dungeon, and saw 3 of its levels.

You collected 152 gold pieces.

Inventory:

Hand Weapons
 a - a +0 war axe (weapon)
Armour
 c - a +0 buckler (worn)
 e - a +0 chain mail (worn)
Wands
 g - a wand of iceblast (11)
Scrolls
 b - a scroll of identify {unknown}
 f - a scroll of magic mapping {unknown}
 h - a scroll of teleportation {unknown}
Potions
 d - a potion of might


   Skills:
 + Level 4.0 Fighting
 + Level 3.5 Axes
 + Level 4.7 Armour
 + Level 3.9 Shields


You had 4 spell levels left.
You didn't know any spells.
Your spell library contained the following spells:

 Spells                   Type           Power      Damage    Failure   Level
 Dazzling Flash           Conj/Hex       0%         N/A       100%        3
 Iskenderun's Mystic Bla  Conj/Tloc      0%         2d3       100%        4
 Starburst                Conj/Fire      0%         6d3       100%        6


Dungeon Overview and Level Annotations

Branches:
Dungeon (2/15)

Altars:
Qazlal


Innate Abilities, Weirdness & Mutations

You are immune to sickness and miasma.
Your stone body is resilient. (AC +4)
You are immune to poison.
You resist negative energy. (rN+)
You are resistant to electric shocks. (rElec)
You are resistant to unholy torment.
You are immune to petrification.


Message History

The iguana bites you but does no damage.
The iguana bites you!
You slash the iguana!
The iguana is heavily wounded.
The iguana bites you.
You barely miss the iguana.
The iguana is heavily wounded.
The iguana closely misses you. The iguana barely misses you.
You barely miss the iguana.
The iguana is heavily wounded.
The iguana bites you but does no damage.
You closely miss the iguana.
The iguana is heavily wounded.
The iguana bites you.
You hit the iguana.
The iguana is severely wounded.
The iguana bites you. x2
* * * LOW HITPOINT WARNING * * *
You are too injured to fight recklessly!
You are too injured to fight recklessly!
You are too injured to fight recklessly!
You are too injured to fight recklessly!
You are too injured to fight recklessly!
You are too injured to fight recklessly!
You are too injured to fight recklessly!
You closely miss the iguana.
The iguana is severely wounded.
The iguana bites you but does no damage.
You closely miss the iguana.
The iguana is severely wounded.
You block the iguana's attack.
You barely miss the iguana.
The iguana is severely wounded.
The iguana bites you!
* * * LOW HITPOINT WARNING * * *
The iguana barely misses you.
You hit the iguana but do no damage.
The iguana is severely wounded.
The iguana bites you.
You die...

#^##^...##...#
. ##..^#.#..#
.#§^##..≈##.^.#
...≈....^..^..#
#§§###..##..##
#.. ##.##.## ..
#.##.#
.#..#.##.##.#
......l@....#
.#.##..#....#
#..#.##.#
......# .#
.....#.# #
#.###.#.# ...
#.#.# .. .. .#


You could see an iguana.

Vanquished Creatures
  An orc priest (D:4)
  Ijyb (D:4)
  3 orc wizards
  2 hound skeletons (D:4)
  9 orcs
  2 endoplasms (D:1)
  4 giant cockroaches
  4 goblins
  2 hobgoblins (D:1)
  2 kobolds
  2 quokkas (D:2)
  A ball python (D:1)
  A bat (D:1)
  A frilled lizard (D:1)
  8 rats
43 creatures vanquished.

Vanquished Creatures (others)
  4 plants (D:4)
4 creatures vanquished.

Grand Total: 47 creatures vanquished

Notes
Turn   | Place    | Note
-------+----------+-------------------------------------------
     0 | D:1      | bande the Gargoyle Fighter began the quest for the Orb.
     0 | D:1      | Reached XP level 1. HP: 14/14 MP: 1/1
   165 | D:1      | Reached XP level 2. HP: 19/19 MP: 2/2
   943 | D:1      | Reached XP level 3. HP: 7/24 MP: 3/3
  1185 | D:2      | Reached XP level 4. HP: 8/29 MP: 4/4
  1710 | D:2      | You fall into a shaft and drop 2 floors!
  1712 | D:4      | Noticed Ijyb
  1737 | D:4      | Killed Ijyb
  1760 | D:4      | Reached XP level 5. HP: 15/33 MP: 5/5
  2185 | D:4      | Found a stormy altar of Qazlal.
  2220 | D:4      | Slain by an iguana

Illustrated notes

Levels and vault maps discovered:
D:1:      dpeg_arrival_fog, layout_basic, minmay_misc_feat_x,
          minmay_rat_gold_closets
D:2:      layout_basic, dreamdust_ecumenical_altar_sealed_demon,
          serial_bayou_pond_d
D:4:      layout_basic, grunt_qazlal_sundering,
          mainiacjoe_overflow_large_starburst, jmf_multi_god_temple,
          serial_bayou_lagoon_b, uniq_ijyb

Skill      XL: |  1  2  3  4  5 |
---------------+----------------+-----
Axes           | 2 3 |  3.5
Armour         | 4 |  4.7
Fighting       | 4 |  4.0
Shields        | |  3.9

Action                   |  1- 3 |  4- 6 || total
-------------------------+-------+-------++-------
Melee: War axe           |    84 |   109 ||   193
Armor: Chain mail        |    51 |    67 ||   118
Dodge: Dodged            |    20 |    31 ||    51
Block: Buckler           |    14 |    21 ||    35

Table legend: (Time is in decaauts)
 A = Elapsed time spent in this place.
 B = Non-inter-level travel time spent in this place.
 C = Inter-level travel time spent in this place.
 D = Time resting spent in this place.
 E = Time spent auto-exploring this place.
 F = Levels seen in this place.
 G = Mean time per level.
                   A        B        C        D        E       F      G
               +--------+--------+--------+--------+--------+-----+--------+
         Total |   2298 |   2298 |      0 |    768 |   1041 |   3 |  766.0 |
       Dungeon |   2298 |   2298 |      0 |    768 |   1041 |   3 |  766.0 |
               +--------+--------+--------+--------+--------+-----+--------+

Top non-repeatable levels by time:
     D:1: 1389 daAuts
     D:4: 538 daAuts
     D:2: 370 daAuts
